 Dungeon Crawl Stone Soup version 0.29.1-1-gd02db6906a (webtiles) character file.

Game seed: 3290766084627746862

674 fireball365 the Twirler (level 7, -2/61 HPs)
             Began as a Minotaur Delver on Oct 20, 2022.
             Was a Believer of the Shining One.
             Succumbed to a gnoll sergeant's poison
             ... on level 5 of the Dungeon.
             The game lasted 00:16:23 (4475 turns).

fireball365 the Twirler (Minotaur Delver)           Turns: 4475, Time: 00:16:24

Health: -2/61      AC: 11    Str: 16    XL:     7   Next: 33%
Magic:  6/6        EV:  8    Int:  7    God:    the Shining One [**....]
Gold:   321        SH:  0    Dex: 14    Spells: 6/6 levels left

rFire   . . .      SeeInvis .   h - +7 staff of the Meek {protect, meekguard}
rCold   . . .      Faith    .   (shield currently unavailable)
rNeg    + . .      Spirit   .   x - +0 chain mail
rPois   .          Reflect  .   (helmet restricted)
rElec   .          Harm     .   f - +0 cloak
rCorr   .          Rampage  .   j - +0 pair of gloves
Will    .....                   (no boots)
Stlth   ..........              (no amulet)
HPRegen 0.20/turn               (no ring)
MPRegen 0.10/turn               (no ring)

@: lethally poisoned (-2 -> -20), glowing
A: horns 2, retaliatory headbutt
a: Renounce Religion, Divine Shield


You were on level 5 of the Dungeon.
You worshipped the Shining One.
The Shining One was pleased with you.
You visited 1 branch of the dungeon, and saw 5 of its levels.

You collected 321 gold pieces.

Inventory:

Hand Weapons
 a - a +0 hand axe
 h - the +7 staff of the Meek (weapon) {protect, meekguard}
   (You found it on level 4 of the Dungeon)

   It grants its wielder temporary protection when it strikes (+7 to AC).
   It provides extra protection to wielders with little health.
 m - a +1 dire flail
 w - a +0 morningstar of protection
 y - a +2 vampiric lajatang
Missiles
 u - 29 stones (quivered)
 B - a boomerang
Armour
 b - a +0 leather armour
 f - a +0 cloak (worn)
 j - a +0 pair of gloves (worn)
 p - a +0 scale mail
 t - a +2 buckler
 x - a +0 chain mail (worn)
Wands
 g - a wand of digging (3)
Scrolls
 c - 4 scrolls of fog
 d - 2 scrolls of magic mapping
 e - a scroll of teleportation
 n - a scroll of noise {unknown}
 r - a scroll of brand weapon
 v - a scroll of blinking {unknown}
Potions
 i - a potion of invisibility
 k - a potion of heal wounds
 l - 3 potions of brilliance
 o - a potion of flight
 q - a potion of cancellation {unknown}
 s - a potion of might {unknown}
 z - 2 potions of haste
 A - 2 potions of degeneration {unknown}


   Skills:
 + Level 5.0 Fighting
 + Level 2.7 Axes
 + Level 6.0 Staves
 + Level 3.5 Armour
 + Level 3.4 Dodging
 + Level 5.1 Stealth


You had 6 spell levels left.
You didn't know any spells.
Your spell library was empty.

Dungeon Overview and Level Annotations

Branches:
Dungeon (5/15)
 Temple: D:4-7

Altars:
Kikubaaqudgha
Okawaru
Sif Muna
Xom
Yredelemnul
Zin
The Shining One

Shops:
D:2 =


Innate Abilities, Weirdness & Mutations

You have a pair of horns on your head.
You reflexively headbutt those who attack you in melee.


Message History

You feel very sick.
You feel sick.
You feel sick.
You feel sick.
You feel sick. The gnoll barely misses you. You furiously retaliate!
You headbutt the gnoll. You sock the gnoll!
Your weapon exudes an aura of protection.
You kill the gnoll!
You feel sick. The gnoll hits you but does no damage.
You feel sick. The gnoll hits you but does no damage.
You see here a +0 spear.
You sock the gnoll!
The gnoll is severely wounded.
You feel sick.
You are no longer poisoned.
The gnoll hits you with a +0 spear.
* * * LOW HITPOINT WARNING * * *
You sock the gnoll!
You kill the gnoll!
Your Staves skill increases to level 6!
Things that are here:
a +0 spear; a gnoll corpse You flicker for a moment.
You flicker back into view.
The gnoll sergeant shouts!
You hear a shout!
The gnoll sergeant hits you from afar with a +1 trident of venom!
* * * LOW HITPOINT WARNING * * *
The gnoll sergeant barely misses you.
The gnoll sergeant hits you but does no damage.
You are poisoned.
* * * LOW HITPOINT WARNING * * *
You feel sick.
The gnoll sergeant hits you from afar with a +1 trident of venom.
* * * LOW HITPOINT WARNING * * *
You are more poisoned.
The Shining One protects you from harm!
The gnoll sergeant hits you from afar with a +1 trident of venom!
The Shining One protects you from harm!
You die...

##+## ### ## #[# #..
.# #.# #.# .# ##.##
#.# .# ###...## #.#
##.####g.....# #.#
....gg......##
#.######.####)##..###
#..)@.gg.# #####....
########## #####


You could see a gnoll sergeant and a gnoll.

Vanquished Creatures
  A black bear (D:5)
  A centaur (D:5)
  A wight (D:5)
  A water moccasin skeleton (D:5)
  2 howler monkeys (D:5)
  A bullfrog zombie (D:5)
  2 hounds (D:5)
  An orc priest (D:4)
  Robin (D:2)
  4 gnolls (D:5)
  5 adders
  2 worms
  The ghost of nshep25 the Sneak, a weakling HuDe (D:5)
  A dart slug (D:3)
  6 orcs
  11 endoplasms
  2 giant cockroaches
  15 goblins
  6 hobgoblins
  3 jackals (D:2)
  5 quokkas
  6 ball pythons
  6 bats
  6 frilled lizards
  5 kobolds
  7 rats
102 creatures vanquished.

Vanquished Creatures (others)
  6 fungi (D:1)
  4 plants (D:1)
10 creatures vanquished.

Grand Total: 112 creatures vanquished

Notes
Turn   | Place    | Note
-------+----------+-------------------------------------------
     0 | D:5      | fireball365 the Minotaur Delver began the quest for the
                  | Orb.
     0 | D:5      | Reached XP level 1. HP: 19/19 MP: 0/0
   105 | D:4      | Found the +7 staff of the Meek {protect, meekguard}
   106 | D:4      | Noticed an orc priest
   118 | D:4      | Killed an orc priest
   119 | D:4      | Reached XP level 2. HP: 7/27 MP: 1/1
   119 | D:4      | Reached XP level 3. HP: 8/33 MP: 2/2
   202 | D:3      | Found a shimmering blue altar of Sif Muna.
   364 | D:3      | Reached skill level 5 in Stealth
   402 | D:2      | Noticed Robin
   440 | D:2      | Killed Robin
   441 | D:2      | Reached XP level 4. HP: 5/40 MP: 3/3
   787 | D:1      | Reached skill level 1 in Staves
   900 | D:1      | Reached skill level 1 in Armour
  1223 | D:1      | Found a faded altar of an unknown god.
  1342 | D:1      | Prayed at the altar of an unknown god.
  1342 | D:1      | Became a worshipper of the Shining One
  1342 | D:1      | Reached * piety under the Shining One
  1854 | D:2      | Found Dahappasm's Jewellery Emporium.
  2214 | D:3      | Found a basalt altar of Yredelemnul.
  2223 | D:3      | Found an iron altar of Okawaru.
  2375 | D:3      | Found an ancient bone altar of Kikubaaqudgha.
  2569 | D:3      | Found a shimmering altar of Xom.
  2571 | D:3      | Found a shimmering blue altar of Sif Muna.
  2571 | D:3      | Found a bloodstained altar of Trog.
  2573 | D:3      | Found a shimmering blue altar of Sif Muna.
  2573 | D:3      | Found a sacrificial altar of Ru.
  2573 | D:3      | Found a glowing golden altar of the Shining One.
  2718 | D:3      | Reached XP level 5. HP: 46/46 MP: 4/4
  2772 | D:3      | Reached skill level 2 in Staves
  2991 | D:4      | Found a glowing silver altar of Zin.
  3799 | D:5      | Found a transporter.
  3818 | D:5      | Noticed a centaur
  3825 | D:5      | Reached skill level 3 in Staves
  3829 | D:5      | Killed a centaur
  3830 | D:5      | Reached XP level 6. HP: 34/53 MP: 5/5
  3832 | D:5      | Found a transporter.
  3836 | D:5      | Noticed nshep25's ghost (weakling HuDe)
  3956 | D:5      | Killed nshep25's ghost
  3963 | D:5      | Reached skill level 4 in Staves
  4060 | D:5      | Reached ** piety under the Shining One
  4072 | D:5      | Reached skill level 5 in Staves
  4072 | D:5      | Reached XP level 7. HP: 43/60 MP: 6/6
  4075 | D:5      | Reached skill level 5 in Fighting
  4434 | D:5      | Reached skill level 6 in Staves
  4473 | D:5      | HP: 1/61 [gnoll sergeant/+1 trident of venom (6)]
  4474 | D:5      | The Shining One protects you from harm!
  4474 | D:5      | The Shining One protects you from harm!
  4475 | D:5      | Succumbed to a gnoll sergeant's poison

Illustrated notes

Levels and vault maps discovered:
D:1:      wander_arrival_desolate, layout_basic,
          shapermc_ecumenical_altar_mp_urbaneastern, minmay_split_cup_large
D:2:      layout_loops_ring, serial_shops, shop, minmay_domino_2, uniq_robin
D:3:      layout_basic, okawaru_ov_weapons_minmay, mainiacjoe_overflow_catwalk,
          lemuel_tele_altar, doesnt_xom_only_xom, old_standard_altar
D:4:      layout_loops_ring, mainiacjoe_overflow_tiny_flanked,
          pf_guarded_unrand_meek
D:5:      layout_loops_corners, lemuel_crystal_altar, gammafunk_ghost_mausoleum,
          serial_shops, nicolae_shop_bloodbath_and_beyond,
          grunt_decor_one_mirror, kennysheep_nub

Skill      XL: |  1  2  3  4  5  6  7 |
---------------+----------------------+-----
Stealth        | 5 |  5.1
Fighting       | 4 5 |  5.0
Staves         | 1 3 5 6 |  6.0
Armour         | 1 2 3 |  3.5
Dodging        | 3 |  3.4
Axes           | |  2.7

Action                   |  1- 3 |  4- 6 |  7- 9 || total
-------------------------+-------+-------+-------++-------
Melee: Hand axe          |    13 |       |       ||    13
       Punch             |     2 |       |       ||     2
       Headbutt          |     3 |    27 |     3 ||    33
       Quarterstaff      |    28 |   131 |    19 ||   178
  Use: Scroll            |     1 |     3 |     1 ||     5
       Potion            |     1 |     1 |     2 ||     4
 Stab: Sleeping          |     3 |     2 |       ||     5
Armor: Leather armour    |    30 |       |       ||    30
       Scale mail        |       |    53 |       ||    53
       Chain mail        |       |    91 |    16 ||   107
Dodge: Dodged            |    33 |   110 |    15 ||   158
